 Dungeon Crawl Stone Soup version 0.15-a0-935-g62ff1c1 (webtiles) character file.

322 Bubba the Covert (level 6, -7/40 HPs)
             Began as an Octopode Assassin on May 21, 2014.
             Splashed by a jelly's acid (16 damage)
             ... on Level 4 of the Dungeon.
             The game lasted 00:22:28 (2470 turns).

Bubba the Covert (Octopode Assassin)                Turns: 2470, Time: 00:22:28

HP  -7/40        AC  1     Str 11      XL: 6   Next: 47%
MP   6/6         EV 12     Int 13      God:
Gold 160         SH  0     Dex 15      Spells:  0 memorised,  5 levels left

rFire  . . .     SeeInvis .     p - +3,+4 quarterstaff (chaos)
rCold  . . .     Clarity  .     (no shield)
rNeg   . . .     Conserve .     (helmet restricted)
rPois  .         rCorr    .     (no amulet)
rElec  .         rRot     .     (no ring)
SustAb .         Spirit   .     (no ring)
rMut   .         Warding  .     (no ring)
Gourm  .         Stasis   .     (no ring)
MR     .....                    (no ring)
                                (no ring)
                                (no ring)
                                (no ring)

@: not resistant to hostile enchantments, quite stealthy
A: almost no armour, amphibious, 8 rings, constrict 8, camouflage 1, high mp 1,
gelatinous body 1
a: no special abilities


You were on level 4 of the Dungeon.
You were not hungry.

You visited 1 branch of the dungeon, and saw 4 of its levels.

You collected 160 gold pieces.

Inventory:

Hand weapons
 a - a +2,+2 dagger
 b - a +0 blowgun
 m - a +1,+1 short sword of venom
 p - a +3,+4 quarterstaff of chaos (weapon)
Missiles
 e - 24 poisoned needles
 f - 2 curare-tipped needles
 t - 18 darts of frost (quivered)
Comestibles
 d - a meat ration
 g - 2 bread rations
 j - 9 sultanas
 l - 2 rotting chunks of gnoll flesh
 n - an apple
 s - a chunk of worker ant flesh
 u - a chunk of rat flesh
Scrolls
 i - a scroll of teleportation
 q - 2 scrolls of remove curse
 r - 2 scrolls of fear
Jewellery
 h - a cursed -4 ring of intelligence {unknown}
 o - an uncursed amulet of clarity
 w - an uncursed ring of teleport control
Potions
 c - 6 potions of curing
 k - a potion of might
 v - a potion of berserk rage {unknown}


   Skills:
 + Level 2.3 Fighting
 + Level 2.7 Short Blades
 + Level 3.2 Throwing
 + Level 2.2 Dodging
 + Level 8.7 Stealth


You had 5 spell levels left.
You didn't know any spells.

Dungeon Overview and Level Annotations

Branches:
Dungeon (4/15)
 Temple: D:4-7

Altars:
Ashenzari
Elyvilon
Xom


Innate Abilities, Weirdness & Mutations

You cannot wear most types of armour.
You are amphibious.
You can wear up to eight rings at the same time.
You can use your tentacles to constrict many enemies at once.
Your skin changes colour to match your surroundings (Stealth).
Your rubbery body absorbs attacks (AC +1).
You have an increased reservoir of magic (+10% MP).


Message History

A jelly comes into view.
Found a kobold skeleton.
Found a shimmering altar of Xom.
Found an iguana corpse.
A bat and an adder come into view.
Found a hand axe and 23 stones.
Found a kobold corpse.
A rat comes into view.
The jelly quivers.
You sock the jelly! You burn the jelly.
The jelly is severely wounded.
The jelly hits you.
You are splashed with acid!
The acid burns!
* * * LOW HITPOINT WARNING * * *
The jelly barely misses you.
Unknown command.
A giant gecko comes into view.
There is an escape hatch in the floor here.
The jelly hits you.
* * * LOW HITPOINT WARNING * * *
You are splashed with acid!
The acid burns!
You die...

##########.
########.......##.
+........##+.#....
#######..#...#..##
#....#........
##.####....##..
##########..#⌠.##+##.⌠#.
#...........#...........
#......@J.###.........##
+..........r.#.......#..
#.)......#...+..._...+..
..#.####.....#.......#..
.........###.#.......###
. #...#....#.........#.
....###..#⌠.##+#..⌠.. ..
##..###...###.. .
#....#...#....


You could see a jelly and a rat.

Vanquished Creatures
  An ogre (D:4)
  A scorpion (D:4)
  Crazy Yiuf (D:3)
  A worker ant (D:4)
  4 gnolls (D:3)
  3 adders (D:3)
  An inept feature mimic (D:4)
  An ooze (D:3)
  3 orcs
  3 ball pythons
  A giant cockroach (D:2)
  11 hobgoblins
  4 jackals (D:3)
  A quokka (D:2)
  4 bats
  3 giant newts
  9 goblins
  A goblin skeleton (D:4)
  6 kobolds
  6 rats
  2 fungi (D:3)
67 creatures vanquished.

Vanquished Creatures (others)
  An iguana (D:4)
  An orc (D:4)
  A quokka (D:2)
  3 kobolds (D:4)
6 creatures vanquished.

Grand Total: 73 creatures vanquished

Notes
Turn   | Place    | Note
--------------------------------------------------------------
     0 | D:1      | Bubba, the Octopode Assassin, began the quest for the Orb.
     0 | D:1      | Reached XP level 1. HP: 14/14 MP: 1/1
    70 | D:1      | Reached XP level 2. HP: 17/19 MP: 2/2
   317 | D:1      | Reached skill level 6 in Stealth
   524 | D:2      | Reached XP level 3. HP: 22/24 MP: 3/3
   563 | D:2      | Found a white marble altar of Elyvilon.
  1275 | D:3      | Gained mutation: You have an increased reservoir of magic (+10% MP). [potion of beneficial mutation]
  1290 | D:3      | Reached skill level 7 in Stealth
  1345 | D:3      | Reached XP level 4. HP: 18/29 MP: 4/4
  1894 | D:3      | Reached XP level 5. HP: 23/34 MP: 5/5
  2115 | D:3      | Noticed Crazy Yiuf
  2135 | D:3      | Killed Crazy Yiuf
  2255 | D:4      | Noticed a scorpion
  2260 | D:4      | Killed a scorpion
  2260 | D:4      | Reached skill level 8 in Stealth
  2279 | D:4      | Noticed an ogre
  2336 | D:4      | Killed an ogre
  2336 | D:4      | Reached XP level 6. HP: 40/40 MP: 6/6
  2391 | D:4      | Found a shattered altar of Ashenzari.
  2442 | D:4      | Found a shimmering altar of Xom.
  2470 | D:4      | Splashed by a jelly's acid

Action                   |  1- 3 |  4- 6 || total
-------------------------+-------+-------++-------
Melee: Dagger            |    34 |    36 ||    70
       Short sword       |    20 |     2 ||    22
       Quarterstaff      |       |    15 ||    15
 Fire: Blowgun           |     4 |    21 ||    25
Throw: Dart              |       |     4 ||     4
  Use: Scroll            |     5 |     5 ||    10
       Potion            |     5 |     1 ||     6
 Stab: Sleeping          |    17 |     9 ||    26
       Distracted        |     2 |     1 ||     3
